 Dungeon Crawl Stone Soup version 0.30-a0-883-g5ad918d77d (webtiles) character file.

Game seed: 16943322020992839740

1583340 ShnitzelX3 the Slayer (level 26, 179/179 HPs)
             Began as a Gargoyle Hexslinger on Mar 14, 2023.
             Was the Champion of Dithmenos.
             Escaped with the Orb
             ... and 3 runes on Mar 16, 2023!
             The game lasted 05:34:59 (74637 turns).

ShnitzelX3 the Slayer (Gargoyle Hexslinger)        Turns: 74637, Time: 05:35:00

Health: 179/179    AC: 35    Str: 16    XL:     26   Next: 92%
Magic:  41/41      EV: 21    Int: 24    God:    Dithmenos [******]
Gold:   2340       SH: 23    Dex: 20    Spells: 7/53 levels left

rFire   + + +      SeeInvis .    a - +9 hand crossbow (elec)
rCold   + + +      Faith    .    K - +2 shield of Resistance {rF++ rC++ Will++}
rNeg    + + +      Spirit   .    Q - +1 leather armour of Death's Door {Int+6}
rPois   ∞          Reflect  +    c - -2 hat of the Alchemist {rElec rPois rF+ rC+ rN+ Will+ rMut rCorr}
rElec   +          Rampage  +    g - +2 cloak {Will+}
rCorr   +                        o - +2 pair of gloves {Dex+3}
rMut    +                        r - +2 pair of boots {rampage}
Will    +++++                    v - amulet "Voxabe" {Reflect Dex+3 SH+5}
Stlth   +++++                    l - ring "Bintiugupo" {rN+ Slay+2}
HPRegen 0.49/turn                Y - +4 ring of slaying
MPRegen 0.27/turn

@: flying, wreathed by umbra, studying 3 skills
A: sickness immunity, AC +20, big wings, negative energy resistance 1,
electricity resistance, torment resistance 1, petrification resistance, clumsy 1
0: Orb of Zot
}: 3/15 runes: barnacled, silver, gossamer
a: Renounce Religion, Shadow Step, Shadow Form


You escaped.
You worshipped Dithmenos.
Dithmenos was exalted by your worship.
You visited 9 branches of the dungeon, and saw 47 of its levels.
You also visited: Ossuary.

You collected 8034 gold pieces.
You spent 5694 gold pieces at shops.

Inventory:

Hand Weapons
 a - a +9 hand crossbow of electrocution (weapon)
 b - a +6 quick blade of protection
 M - the +6 sling "Silanlie" {flame, Int+2 Dex+5}
   (You found it on level 2 of the Dungeon)

   Int:       It affects your intelligence (+2).
   Dex:       It affects your dexterity (+5).
Missiles
 y - 7 throwing nets
 G - 6 curare-tipped darts
Armour
 c - the -2 hat of the Alchemist (worn) {rElec rPois rF+ rC+ rN+ Will+ rMut rCorr}
   (You found it on level 1 of the Orcish Mines)

   rF:        It protects you from fire.
   rC:        It protects you from cold.
   rElec:     It insulates you from electricity.
   rPois:     It protects you from poison.
   rN:        It protects you from negative energy.
   rCorr:     It protects you from acid and corrosion.
   rMut:      It protects you from mutation.
   Will:      It increases your willpower.
 g - a +2 cloak of willpower (worn)
 o - a +2 pair of gloves of dexterity (worn)
 r - a +2 pair of boots of rampaging (worn)
 K - the +2 shield of Resistance (worn) {rF++ rC++ Will++}
   (You bought it in a shop on level 2 of the Orcish Mines)

   rF:        It greatly protects you from fire.
   rC:        It greatly protects you from cold.
   Will:      It greatly increases your willpower.
 Q - the +1 leather armour of Death's Door (worn) {Int+6}
   (You bought it in a shop on level 13 of the Dungeon)

   Int:       It affects your intelligence (+6).
Jewellery
 i - a ring of see invisible
 l - the ring "Bintiugupo" (left hand) {rN+ Slay+2}
   (You found it on level 5 of the Dungeon)

   [ring of positive energy]

   Slay:      It affects your accuracy & damage with ranged weapons and melee
   (+2).
   rN:        It protects you from negative energy.
 v - the amulet "Voxabe" (around neck) {Reflect Dex+3 SH+5}
   (You found it on level 1 of the Orcish Mines)

   [amulet of reflection]

   It reflects blocked missile attacks.
   Dex:       It affects your dexterity (+3).
   SH:        It affects your SH (+5).
 A - a ring of ice
 I - an amulet of regeneration
 Y - a +4 ring of slaying (right hand)
Wands
 j - a wand of digging (5)
 x - a wand of iceblast (24)
 L - a wand of light (9)
 P - a wand of flame (53)
 R - a wand of mindburst (31)
Scrolls
 e - 15 scrolls of poison
 m - 6 scrolls of immolation
 p - 5 scrolls of torment
 s - 2 scrolls of butterflies
 t - a scroll of blinking
 u - 7 scrolls of fog
 z - 5 scrolls of teleportation
 B - 8 scrolls of vulnerability
 H - 6 scrolls of fear
 Z - a scroll of magic mapping
Potions
 d - 11 potions of attraction
 f - 3 potions of invisibility
 h - 4 potions of might
 n - 10 potions of lignification
 w - 7 potions of flight
 C - 18 potions of curing
 E - 4 potions of brilliance
 J - 6 potions of berserk rage
 S - 20 potions of ambrosia
 T - 3 potions of magic
 U - 5 potions of resistance
 X - 5 potions of heal wounds
Miscellaneous
 D - a condenser vane
 N - a phial of floods
 O - a lightning rod (4/4)
 V - a phantom mirror (inert)


   Skills:
 + Level 21.8 Fighting
 * Level 12.0 Short Blades
 + Level 20.2 Ranged Weapons
 - Level 14.7 Armour
 + Level 14.6 Dodging
 + Level 19.4 Stealth
 + Level 18.4 Shields
 + Level 14.4 Spellcasting
 + Level 17.0 Hexes
 - Level 9.2 Translocations
 - Level 2.4 Transmutations
 - Level 3.0 Fire Magic
 - Level 1.6 Evocations


You had 7 spell levels left.
You knew the following spells:

 Your Spells              Type           Power      Damage    Failure   Level
a - Slow                  Hex            100%       N/A       0%          1
b - Confusing Touch       Hex            78%        N/A       0%          3
c - Inner Flame           Hex/Fire       60%        N/A       1%          3
d - Portal Projectile     Hex/Tloc       100%       N/A       1%          3
e - Blink                 Tloc           100%       N/A       1%          2
f - Cause Fear            Hex            39%        N/A       1%          4
g - Wereblood             Tmut           28%        N/A       3%          2
h - Yara's Violent Unrav  Hex/Tmut       29%        3d12      3%          5
i - Enfeeble              Hex            39%        N/A       4%          7
j - Swiftness             Air            17%        N/A       17%         3
k - Silence               Hex/Air        27%        N/A       4%          5
l - Anguish               Hex/Necr       27%        N/A       1%          4
m - Fulminant Prism       Conj/Hex       27%        3d13      1%          4

Your spell library contained the following spells:

 Spells                   Type           Power      Damage    Failure   Level
 Ensorcelled Hibernation  Hex/Ice        100%       N/A       1%          2
 Lesser Beckoning         Tloc           100%       N/A       1%          2
 Momentum Strike          Conj/Tloc      78%        3d10      1%          2
 Dazzling Flash           Conj/Hex       100%       N/A       1%          3
 Summon Guardian Golem    Hex/Summ       55%        N/A       1%          3
 Leda's Liquefaction      Hex/Erth       27%        N/A       1%          4
 Manifold Assault         Tloc           57%        N/A       1%          4
 Beastly Appendage        Tmut           56%        N/A       2%          1
 Vhi's Electric Charge    Tloc/Air       78%        N/A       2%          3
 Foxfire                  Conj/Fire      96%        2x1d8     3%          1
 Metabolic Englaciation   Hex/Ice        27%        N/A       4%          5
 Passwall                 Tmut/Erth      19%        N/A       5%          2
 Freeze                   Ice            68%        1d8       6%          1
 Kiss of Death            Conj/Necr      68%        2d10      6%          1
 Magic Dart               Conj           68%        1d6       6%          1
 Sandblast                Erth           34%        2d9       6%          1
 Summon Small Mammal      Summ           68%        N/A       6%          1
 Poisonous Vapours        Pois/Air       34%        N/A       9%          2
 Searing Ray              Conj           34%        2d5       9%          2
 Static Discharge         Conj/Air       34%        2-4/arc   9%          2
 Ignite Poison            Fire/Tmut/Pois 26%        N/A       9%          3
 Spider Form              Tmut/Pois      23%        N/A       11%         3
 Call Canine Familiar     Summ           17%        N/A       17%         3
 Frozen Ramparts          Ice            34%        1d6       17%         3
 Hailstorm                Conj/Ice       17%        3d6       17%         3
 Mephitic Cloud           Conj/Pois/Air  17%        N/A       17%         3
 Ozocubu's Armour         Ice            17%        N/A       17%         3
 Stone Arrow              Conj/Erth      34%        3d9       17%         3
 Summon Forest            Summ/Tloc      19%        N/A       24%         5
 Sticky Flame             Conj/Fire      24%        2d5       30%         4
 Ice Form                 Ice/Tmut       23%        N/A       34%         4
 Petrify                  Tmut/Erth      23%        N/A       34%         4
 Airstrike                Air            8%         2d(2-18)  50%         4
 Animate Armour           Summ/Erth      34%        N/A       50%         4
 Animate Dead             Necr           17%        N/A       50%         4
 Dispel Undead            Necr           17%        3d10      50%         4
 Summon Ice Beast         Ice/Summ       17%        N/A       50%         4
 Summon Lightning Spire   Summ/Air       17%        N/A       50%         4
 Fireball                 Conj/Fire      12%        3d7       65%         5
 Agony                    Necr           17%        N/A       85%         5
 Arcjolt                  Conj/Air       8%         1d18      85%         5
 Borgnjor's Vile Clutch   Necr/Erth      8%         N/A       85%         5
 Freezing Cloud           Conj/Ice/Air   8%         6-21      85%         5
 Iskenderun's Battlesphe  Conj           17%        2d7       85%         5
 Lee's Rapid Deconstruct  Erth           8%         3d7*      85%         5
 Lightning Bolt           Conj/Air       8%         1d21      85%         5
 Eringya's Noxious Bog    Tmut/Pois      11%        N/A       99%         6
 Starburst                Conj/Fire      12%        6d5       99%         6
 Conjure Ball Lightning   Conj/Air       8%         3x3d6     100%        6
 Death Channel            Necr           8%         N/A       100%        6
 Iron Shot                Conj/Erth      8%         9d3       100%        6
 Simulacrum               Ice/Necr       8%         N/A       100%        6
 Orb of Destruction       Conj           8%         9d6       100%        7
 Ozocubu's Refrigeration  Ice            8%         4d9       100%        7
 Spellforged Servitor     Conj/Summ      8%         N/A       100%        7
 Storm Form               Tmut/Air       11%        N/A       100%        7
 Summon Hydra             Summ           8%         N/A       100%        7
 Borgnjor's Revivificati  Necr           8%         N/A       100%        8
 Ignition                 Fire           15%        3d6       100%        8
 Lehudib's Crystal Spear  Conj/Erth      8%         10d4      100%        8
 Maxwell's Capacitive Co  Air            8%         ∞         100%        8
 Necromutation            Tmut/Necr      11%        N/A       100%        8
 Chain Lightning          Conj/Air       8%         3d11      100%        9
 Death's Door             Necr           8%         N/A       100%        9
 Fire Storm               Conj/Fire      12%        8d3       100%        9
 Polar Vortex             Ice            8%         N/A       100%        9
 Shatter                  Erth           8%         3d10*     100%        9
 Cigotuvi's Dreadful Rot  Necr/Pois/Air  Unusable   N/A       N/A         2
 Statue Form              Tmut/Erth      Unusable   N/A       N/A         6

Dungeon Overview and Level Annotations

Branches:
Dungeon (15/15)            Temple (0/1) D:6            Lair (5/5) D:8
 Shoals (4/4) Lair:2       Spider (4/4) Lair:2        Slime (0/5) Lair:5
    Orc (2/2) D:10            Elf (3/3) Orc:2        Vaults (5/5) D:13
  Crypt (0/3) Vaults:2     Depths (4/4) D:15            Zot (5/5) Depths:4
Ossuary (visited)

Altars:
Ashenzari
Cheibriados
Dithmenos
Fedhas
Gozag
Kikubaaqudgha
Nemelex Xobeh
Ru
Sif Muna
Uskayaw
Vehumet
Yredelemnul
Zin
The Shining One
Jiyva

Shops:
D:9 :   D:13 ?[(   Orc:1 *   Orc:2 **[?*!([(   Elf:2 (   Elf:3 *!(=
Shoals:4 *   Vaults:1 :   Vaults:4 [   Depths:1 *   Depths:4 :=:

Portals:
Hell: Depths:1 Depths:2 Depths:3 Depths:4
Abyss: Orc:1 Depths:1 Depths:2 Depths:3 Depths:4
Pandemonium: Depths:1 Depths:2
Trove: D:12 (show abyssal rune of Zot)

Annotations:
D:7 1 runed translucent door, Crazy Yiuf
D:8 Joseph
Shoals:1 Roxanne
Shoals:3 1 runed translucent door, Buakyke's ghost, adept OpMo
Spider:1 3 runed translucent doors, baller8008's ghost, journeyman DECj
Vaults:1 Asterion
Vaults:3 Mennas
Zot:2 Parghit


Innate Abilities, Weirdness & Mutations

You are immune to sickness and miasma.
Your stone body is resilient. (AC +20)
You are immune to poison.
Your large and strong wings let you fly.
You resist negative energy. (rN+)
You are resistant to electric shocks. (rElec)
You are resistant to unholy torment.
You are immune to petrification.
You are clumsy. (Dex -2)


Message History

The Orb Guardian is almost dead.
You block the Orb Guardian's attack. x2
You shoot a bolt. The bolt hits the Orb Guardian!!
Lightning courses through the Orb Guardian!
You kill the Orb Guardian!
Dithmenos accepts your kill.
Your shadow shoots a bolt.
Your Short Blades skill increases to level 12!
A hell beast comes into view.
You shoot a bolt. The bolt barely misses the hell beast.
Your shadow shoots a bolt.
The bolt misses the hell beast.
You shoot a bolt. The bolt hits the hell beast!!
The hell beast is moderately wounded.
Your shadow shoots a bolt.
The bolt completely misses the hell beast.
The hell beast bites you but does no damage.
You block the hell beast's attack.
The hell beast bites you but does no damage.
You block the hell beast's attack.
You shoot a bolt. The bolt hits the hell beast!!
Lightning courses through the hell beast!!
The hell beast is almost dead.
The hell beast closely misses you. You block the hell beast's attack.
You shoot a bolt. The bolt barely misses the hell beast.
The hell beast bites you. You block the hell beast's attack. x3
You shoot a bolt. The bolt hits the hell beast.
The hell beast is almost dead.
You block the hell beast's attack. The hell beast misses you.
You shoot a bolt. The bolt barely misses the hell beast.
Your shadow shoots a bolt.
The bolt hits the hell beast!
You kill the hell beast!
Dithmenos accepts your kill.
No target in view!
Aiming: Dig
Press: ? - help, Shift-Dir - straight line A rock wall.
This square is wreathed by an umbra and is covered in magical glow.
The rock shatters into small pieces.
There is a staircase leading out of the dungeon here.
You have escaped!

.#.......# #...#....#
.#.###############...#....#####
.#............................#
.#####################....###.#
........# ###### #.# #######.#
#.# #####.# ######.# #...#.#
##### #......# #...#.#
####8@8######.########
###...#.#
##.....................
#.......#
#8.........8###########
##....### #...8...8...# #....#
#8.........8# #.####
###.........### #.#
#.............# #.#
######......### #.# #.######


There were no monsters in sight!

Vanquished Creatures
  2 dread liches (Zot:5)
  2 orbs of fire (Zot:5)
  4 ancient liches
  4 Killer Klowns
  4 curse toes
  7 golden dragons
  Nikola (Depths:2)
  A profane servitor (Depths:2)
  3 bone dragons
  8 electric golems
  21 Orb Guardians
  25 tentacled monstrosities
  Jorgrun (D:14)
  A deep elf blademaster (Elf:3)
  11 titans
  4 sphinxes
  11 death cobs
  2 deep elf master archers (Elf:3)
  Frances (D:14)
  5 quicksilver dragons
  14 storm dragons
  Kirke (Shoals:1)
  Gastronok (D:8)
  Donald (Vaults:1)
  Ilsuiw (Shoals:4)
  6 shadow dragons
  5 tengu reavers
  4 draconian monks
  4 draconian knights
  5 frost giants
  6 emperor scorpions
  2 iron dragons (Vaults:5)
  3 draconian scorchers
  7 ghost moths
  9 fire giants
  A balrug (Depths:1)
  21 ironbound preservers
  2 cacodemons
  9 deep elf sorcerers
  18 vault wardens
  2 draconian stormcallers
  7 draconian shifters
  A juggernaut zombie (Depths:1)
  Louise (Depths:1)
  7 orc warlords
  7 deep elf elementalists (Elf:3)
  4 broodmothers
  32 very ugly things
  A spriggan defender (Depths:4)
  5 draconian annihilators
  A deep elf demonologist (Elf:3)
  5 black draconians
  12 stone giants
  2 vampire knights
  A lorocyproca (Depths:3)
  6 ironbound thunderhulks
  10 green draconians
  2 deep elf annihilators (Elf:3)
  2 dire elephants (Vaults:1)
  8 spark wasps
  4 purple draconians
  11 yellow draconians
  16 ettins
  A green death (Depths:3)
  7 deep elf death magi
  10 white draconians
  9 red draconians
  2 merfolk javelineers (Shoals:4)
  8 deep elf high priests
  11 merfolk impalers
  4 fire dragons
  The ghost of sjgraves the Skirmisher, a journeyman GnHu of the Shining One (Orc:1)
  4 entropy weavers
  5 great orbs of eyes
  6 yaktaur captains
  Fannar (Orc:1)
  3 spriggan zombies (Depths:2)
  26 vault guards
  A hell beast (D:1)
  3 hydras
  3 ogre magi
  5 ice dragons
  4 merfolk avatars
  Erolcha (D:13)
  2 alligator snapping turtles
  13 centaur warriors
  13 radroaches
  Erica (D:8)
  2 jorogumos
  A spriggan air mage (Depths:3)
  13 ironbound frosthearts
  5 catoblepae (Lair:5)
  10 two-headed ogres
  8 boulder beetles
  3 merfolk aquamancers (Shoals:4)
  27 dancing weapons
  A death knight (D:15)
  4 satyrs
  6 tengu warriors
  A vampire mage (Depths:3)
  4 deep troll shamans
  14 death yaks
  9 deep troll earth magi
  An orc high priest (Orc:1)
  Urug (Lair:1)
  6 sun demons
  5 spriggan berserkers
  22 deep elf knights
  A fire crab (Lair:4)
  13 hell knights
  A salamander mystic (Depths:1)
  Nergalle (Lair:1)
  4 pharaoh ants
  8 iron trolls
  A sixfirhy (Depths:2)
  A skyshark (Lair:5)
  6 sun moths
  3 glowing orange brains
  9 sea snakes
  18 orb spiders
  A shadow demon (Depths:2)
  A flayed ghost (Vaults:5)
  60 deep trolls
  A tengu zombie (Vaults:1)
  12 wizards
  12 lindwurms
  20 deep elf zephyrmancers
  Pikel (D:6)
  9 deep elf archers
  18 ironbound convokers
  8 steelbarb worms
  22 deep elf pyromancers
  4 phantasmal warriors (Vaults:5)
  19 orc knights
  7 necromancers
  9 harpies
  5 large abominations
  6 orc sorcerers
  A worldbinder (Orc:1)
  4 salamanders (Depths:1)
  45 ugly things
  17 manticores
  22 fauns
  16 wolf spiders
  6 cyclopes
  28 moths of wrath
  23 elephants
  A human skeleton (Vaults:1)
  11 black mambas
  4 water nymphs
  10 merfolk sirens
  11 demonic crawlers
  2 smoke demons
  19 vault sentinels
  5 torpor snails
  A titan simulacrum (Depths:1)
  4 rust devils
  2 eyes of devastation (shapeshifter)
  An orange demon (Depths:2)
  12 cane toads
  A gargoyle (D:12)
  7 unseen horrors (Depths:3)
  Maggie (Lair:1)
  10 komodo dragons
  5 rime drakes
  A spark wasp simulacrum (Depths:1)
  A freezing wraith (Vaults:5)
  28 yaktaurs
  2 efreet
  4 tengu conjurers
  An ice devil (Depths:3)
  A queen bee (Spider:4)
  4 red devils
  A polar bear (Lair:2)
  9 meliai
  11 hornets
  21 merfolk
  3 trolls
  Grinder (D:3)
  2 hellwings
  22 tarantellas
  4 wind drakes
  A sphinx simulacrum (Depths:1)
  21 blink frogs
  A blink frog (shapeshifter) (Elf:2)
  A fire giant simulacrum (Depths:1)
  10 snapping turtles
  9 dream sheep
  28 jumping spiders
  A shadow (D:11)
  29 slime creatures
  27 culicivoras
  6 water elementals
  A culicivora (shapeshifter) (Elf:2)
  4 wraiths
  2 vampires
  6 spriggans
  8 wyverns
  A fire elemental (Elf:3)
  68 yaks
  2 ynoxinuls
  2 hogs (Shoals:1)
  6 basilisks
  19 humans (D:13)
  A neqoxec (Depths:1)
  A chaos spawn (Depths:3)
  A human simulacrum (Vaults:1)
  2 steam dragons
  5 wargs
  5 vampire mosquitoes
  45 redbacks
  A swamp worm (shapeshifter) (Vaults:5)
  19 water moccasins
  43 orc warriors
  6 ogres
  13 wolves
  20 centaurs
  3 phantoms
  3 lemures (D:6)
  2 elf zombies (Ossuary)
  12 bullfrogs
  A kobold brigand (D:9)
  Blork the orc (D:6)
  A gnoll sergeant (D:9)
  A glowing shapeshifter simulacrum (Vaults:1)
  4 earth elementals
  7 scorpions
  9 wights
  3 small abominations (Depths:3)
  12 killer bees (Spider:4)
  An orc simulacrum (Vaults:1)
  5 electric eels
  3 centaur zombies (Ossuary)
  2 jellies (D:5)
  3 hounds
  2 gnoll boudas
  22 orc priests
  2 iguanas
  34 orc wizards
  4 hell rats (Lair:5)
  2 mummies (Ossuary)
  18 gnolls
  16 adders
  A shadow imp (D:4)
  2 white imps
  3 ufetubi
  An adder zombie (Ossuary)
  2 worms (D:2)
  4 dart slugs
  72 orcs
  3 bats
  4 endoplasms
  A giant cockroach (D:4)
  5 goblins
  9 hobgoblins
  6 jackals
  6 quokkas
  10 ball pythons
  2 frilled lizards
  3 goblin zombies (Ossuary)
  8 hobgoblin zombies (Ossuary)
  2 jackal zombies (Ossuary)
  10 kobolds
  6 kobold zombies (Ossuary)
  11 orc zombies (Ossuary)
  5 rats
  A rat zombie (Ossuary)
2103 creatures vanquished.

Vanquished Creatures (collateral kills)
  2 Orb Guardians (Zot:5)
  A deep elf blademaster (Elf:3)
  A very ugly thing (Vaults:4)
4 creatures vanquished.

Vanquished Creatures (others)
  A draconian knight (Zot:3)
  A deep elf sorcerer (Elf:3)
  An ironbound preserver (Vaults:2)
  A hell knight (Depths:1)
  A sea snake (Shoals:4)
  A sun moth (Spider:2)
  A glowing orange brain (Depths:1)
  A deep elf zephyrmancer (Elf:3)
  A necromancer (Depths:1)
  A human (Shoals:1)
  A ball lightning (Depths:1)
  A bush (Lair:4)
  15 fulminant prisms
  43 fungi
  176 plants
246 creatures vanquished.

Grand Total: 2353 creatures vanquished

Notes
Turn   | Place    | Note
-------+----------+-------------------------------------------
     0 | D:1      | ShnitzelX3 the Gargoyle Hexslinger began the quest for the
                  | Orb.
     0 | D:1      | Reached XP level 1. HP: 12/12 MP: 2/2
   157 | D:1      | Reached XP level 2. HP: 12/16 MP: 3/3
   558 | D:1      | Reached XP level 3. HP: 21/21 MP: 4/4
   985 | D:2      | Found a faded altar of an unknown god.
  1023 | D:2      | Reached skill level 2 in Fighting
  1157 | D:2      | Reached skill level 1 in Fire Magic
  1179 | D:2      | Reached XP level 4. HP: 20/26 MP: 6/6
  1202 | D:2      | Learned a level 3 spell: Inner Flame
  1292 | D:2      | Found a shadowy altar of Dithmenos.
  1307 | D:2      | Became a worshipper of Dithmenos the Shadowed
  1319 | D:2      | Identified the +6 sling "Silanlie" {flame, Int+2 Dex+5}
  1823 | D:3      | Noticed Grinder
  1943 | D:3      | Reached XP level 5. HP: 31/31 MP: 7/7
  1990 | D:3      | Noticed a phantom
  2070 | D:4      | Found an ancient bone altar of Kikubaaqudgha.
  2073 | D:4      | Reached skill level 1 in Shields
  2077 | D:4      | Found a radiant altar of Vehumet.
  2094 | D:4      | Reached skill level 3 in Fighting
  2141 | D:4      | Reached XP level 6. HP: 32/37 MP: 7/9
  2142 | D:4      | Found a sand-covered staircase.
  2154 | Ossuary  | Entered an ossuary
  2236 | Ossuary  | Reached * piety under Dithmenos
  2330 | Ossuary  | Reached skill level 1 in Stealth
  2330 | Ossuary  | Reached XP level 7. HP: 9/42 MP: 10/10
  2538 | Ossuary  | Reached skill level 4 in Fighting
  2595 | D:4      | Reached ** piety under Dithmenos
  3260 | D:4      | Found a shimmering blue altar of Sif Muna.
  3711 | D:3      | Killed Grinder
  3712 | D:3      | Reached XP level 8. HP: 45/48 MP: 12/12
  3960 | D:4      | Reached skill level 5 in Ranged Weapons
  4064 | D:5      | Entered Level 5 of the Dungeon
  4071 | D:5      | Identified the ring "Bintiugupo" {rN+ Slay+2}
  4132 | D:5      | You fall into a shaft and drop 3 floors!
  4132 | D:8      | Found a broken altar of Ashenzari.
  4133 | D:8      | Noticed Gastronok
  4135 | D:8      | Noticed a troll
  4159 | D:8      | Noticed a death yak
  4162 | D:8      | Found a staircase to the Lair.
  4179 | D:8      | Noticed a death yak
  4182 | D:8      | Noticed a death yak
  4396 | D:7      | Found a snail-covered altar of Cheibriados.
  4468 | D:7      | Reached skill level 5 in Fighting
  4699 | D:7      | Learned a level 2 spell: Ensorcelled Hibernation
  4772 | D:7      | Found a runed translucent door.
  4773 | D:7      | Noticed Crazy Yiuf
  4991 | D:7      | Reached *** piety under Dithmenos
  5145 | D:7      | Found a hide-covered altar of Uskayaw.
  5145 | D:7      | Found a glowing golden altar of the Shining One.
  5152 | D:7      | Found a blossoming altar of Fedhas.
  5154 | D:7      | Found a glowing silver altar of Zin.
  5156 | D:7      | Found a basalt altar of Yredelemnul.
  5418 | D:9      | Reached skill level 5 in Shields
  5638 | D:9      | Reached XP level 9. HP: 55/55 MP: 8/14
  5767 | D:9      | Found Ylast's Book Emporium.
  5803 | D:9      | Reached skill level 6 in Fighting
  6190 | D:9      | Learned a level 3 spell: Portal Projectile
  6193 | D:9      | Learned a level 2 spell: Blink
  6763 | D:8      | Noticed a two-headed ogre
  6779 | D:10     | Entered Level 10 of the Dungeon
  6783 | D:10     | Noticed a troll
  6789 | D:10     | Killed a troll
  6959 | D:10     | Reached skill level 7 in Fighting
  6959 | D:10     | Reached skill level 5 in Hexes
  7030 | D:10     | Noticed a two-headed ogre
  7176 | D:8      | Found Paibbuoj's Magic Scroll Shop.
  7196 | D:8      | Reached XP level 10. HP: 19/63 MP: 14/16
  7351 | D:8      | Bought 2 scrolls of identify for 40 gold pieces
  7351 | D:8      | Bought a scroll of identify for 20 gold pieces
  7351 | D:8      | Bought a scroll of identify for 20 gold pieces
  7351 | D:8      | Bought a scroll of identify for 20 gold pieces
  7351 | D:8      | Bought a scroll of identify for 20 gold pieces
  7351 | D:8      | Bought a scroll of fog for 40 gold pieces
  7358 | D:8      | Identified a scroll of acquirement
  7359 | D:8      | Acquired the +1 pair of boots of the Distant Future {rPois
                  | rF+ Dex+4 Stlth+}
  7648 | D:8      | Noticed Joseph
  7889 | D:10     | Reached skill level 5 in Stealth
  7920 | D:10     | Reached **** piety under Dithmenos
  7984 | D:10     | Found a staircase to the Orcish Mines.
  8294 | D:10     | Found a sparkling altar of Nemelex Xobeh.
  8354 | D:10     | Killed a two-headed ogre
  8355 | D:10     | Reached skill level 8 in Fighting
  8396 | D:10     | Noticed a two-headed ogre
  8400 | D:10     | Killed a two-headed ogre
  8624 | D:10     | Reached skill level 5 in Spellcasting
  8664 | D:10     | Acquired 879 gold pieces
  9452 | D:5      | Reached XP level 11. HP: 61/69 MP: 18/18
  9751 | D:6      | Noticed Pikel
  9769 | D:6      | Killed Pikel
  9808 | D:6      | Noticed Blork the orc
  9812 | D:6      | Killed Blork the orc
  9817 | D:6      | Reached skill level 1 in Armour
  9856 | D:6      | Found a staircase to the Ecumenical Temple.
  9950 | D:6      | Reached skill level 9 in Fighting
 10310 | Lair:1   | Entered Level 1 of the Lair of Beasts
 10401 | Lair:1   | Reached ***** piety under Dithmenos
 10595 | Lair:1   | Learned a level 4 spell: Cause Fear
 10671 | D:8      | Noticed Erica
 10839 | D:8      | Killed a two-headed ogre
 10988 | D:11     | Noticed a brown ugly thing
 11009 | D:11     | Noticed a white ugly thing
 11016 | D:11     | Killed a white ugly thing
 11025 | D:11     | Killed a brown ugly thing
 11121 | D:11     | Noticed a wolf spider
 11517 | D:11     | Killed a wolf spider
 11675 | D:11     | Noticed a cyclops
 11678 | D:11     | Killed a cyclops
 11757 | D:12     | Found a sacrificial altar of Ru.
 11768 | D:12     | Noticed a boulder beetle
 11875 | D:12     | Noticed a two-headed ogre
 11985 | D:12     | Noticed a white ugly thing
 11994 | D:12     | Killed a white ugly thing
 11995 | D:12     | Reached skill level 10 in Fighting
 11995 | D:12     | Reached XP level 12. HP: 77/77 MP: 14/20
 12420 | D:12     | Reached skill level 10 in Shields
 12657 | D:12     | Killed a boulder beetle
 12723 | D:12     | Killed a two-headed ogre
 12724 | D:12     | Found a portal to a secret trove of treasure.
 12763 | D:12     | Noticed a two-headed ogre
 12769 | D:12     | Killed a two-headed ogre
 12770 | D:12     | Reached skill level 10 in Ranged Weapons
 12963 | D:13     | Found Xorusch's Armour Boutique.
 12995 | D:13     | Bought the +2 helmet of Indemnity {Str+2 Int-2 SInv} for
                  | 359 gold pieces
 12995 | D:13     | Bought the +1 leather armour of Death's Door {Int+6} for
                  | 372 gold pieces
 13019 | D:13     | Noticed a boulder beetle
 13507 | D:8      | Killed Erica
 14123 | Lair:1   | Reached skill level 10 in Stealth
 14164 | Lair:1   | Reached skill level 11 in Fighting
 14413 | Lair:1   | Noticed Nergalle
 14426 | Lair:1   | Killed Nergalle
 14427 | Lair:1   | Reached XP level 13. HP: 58/84 MP: 20/22
 14657 | Lair:1   | Noticed Maggie
 14664 | Lair:1   | Killed Maggie
 14665 | Lair:1   | Reached skill level 5 in Armour
 15034 | Lair:1   | Noticed Urug
 15041 | Lair:1   | Killed Urug
 15114 | Lair:2   | Found a hole to the Spider Nest.
 15400 | Lair:2   | Identified the +0 robe of Hiov {-Tele rN+ Regen+ Dex+2}
 15703 | Lair:2   | Found a staircase to the Shoals.
 16399 | Lair:2   | Learned a level 2 spell: Wereblood
 16459 | Lair:2   | Reached skill level 12 in Fighting
 16650 | Lair:3   | Reached ****** piety under Dithmenos
 17111 | Lair:3   | Gained mutation: Your large and strong wings let you fly.
                  | [Gargoyle growth]
 17111 | Lair:3   | Reached XP level 14. HP: 92/92 MP: 20/24
 18182 | Lair:4   | You are sucked into a shaft and drop 1 floor!
 18182 | Lair:5   | Entered Level 5 of the Lair of Beasts
 19176 | Lair:4   | Reached skill level 13 in Fighting
 19816 | Lair:5   | Found a staircase to the Slime Pits.
 19816 | Lair:5   | Found a viscous altar of Jiyva.
 20642 | Lair:5   | Reached skill level 1 in Translocations
 20642 | Lair:5   | Reached XP level 15. HP: 76/99 MP: 12/27
 21211 | D:9      | Bought a manual of Dodging for 1120 gold pieces
 21260 | Orc:1    | Entered Level 1 of the Orcish Mines
 21336 | Orc:1    | Noticed an orc warlord
 21357 | Orc:1    | Killed an orc warlord
 21379 | Orc:1    | Noticed an orc warlord
 21658 | Orc:1    | Killed an orc warlord
 21762 | Orc:1    | Learned a level 5 spell: Yara's Violent Unravelling
 21893 | Orc:1    | Found Icka's General Store.
 21930 | Orc:1    | Found a transporter.
 21932 | Orc:1    | Found a one-way gate to the infinite horrors of the Abyss.
 21932 | Orc:1    | Noticed sjgraves's ghost (journeyman GnHu)
 21959 | Orc:1    | Noticed an orc warlord
 21966 | Orc:1    | Reached skill level 14 in Fighting
 22028 | Orc:1    | Noticed Fannar
 22034 | Orc:1    | Killed Fannar
 22073 | Orc:1    | Found a transporter.
 22094 | Orc:1    | Found the -2 hat of the Alchemist {rElec rPois rF+ rC+ rN+
                  | Will+ rMut rCorr}
 22392 | Orc:2    | Entered Level 2 of the Orcish Mines
 22426 | Orc:2    | Learned a level 7 spell: Enfeeble
 22579 | Orc:1    | Identified the amulet "Voxabe" {Reflect Dex+3 SH+5}
 23176 | Orc:2    | Found Jeacwe's Antique Armour Boutique.
 23199 | Orc:2    | Found Kaolog's Antique Weapon Boutique.
 23265 | Orc:2    | Found a staircase to the Elven Halls.
 23279 | Orc:2    | Found Izuocig's Assorted Antiques.
 23333 | Orc:2    | Found Plog's General Store.
 23333 | Orc:2    | Found Fiklih's Armour Emporium.
 23333 | Orc:2    | Found Yteom's Magic Scroll Shoppe.
 23339 | Orc:2    | Found Til Ehue's General Store.
 23360 | Orc:2    | Reached skill level 1 in Transmutations
 23453 | Orc:2    | Found Xoyrphyck's Antique Weapon Boutique.
 23553 | Orc:2    | Found Pyho's Distillery.
 23667 | D:10     | Upgraded the game from 0.30-a0-879-ga8ba668304 to
                  | 0.30-a0-881-g1ff12e1e11
 23949 | D:13     | Identified the +1 robe "Dokudghay" {Str+3}
 24088 | D:13     | Found a gate to the Vaults.
 24110 | D:13     | Found Fatupeis's Weapon Boutique.
 24170 | D:13     | Noticed Erolcha
 24284 | D:14     | Reached XP level 16. HP: 107/107 MP: 17/28
 24389 | D:14     | Noticed Frances
 24544 | D:13     | Reached skill level 10 in Hexes
 24556 | D:13     | Found Uhapn's Magic Scroll Boutique.
 24750 | D:14     | Noticed Jorgrun
 24789 | D:15     | Entered Level 15 of the Dungeon
 24964 | Spider:1 | Entered Level 1 of the Spider Nest
 25059 | Shoals:1 | Entered Level 1 of the Shoals
 25123 | Shoals:1 | Noticed Roxanne
 25193 | Shoals:1 | Noticed Kirke
 25205 | Shoals:1 | Killed Kirke
 25206 | Shoals:1 | Reached skill level 5 in Dodging
 26352 | Shoals:2 | Identified the ring "Imiph" {rPois Will++ Int-2 SInv}
 27364 | Shoals:3 | Found a runed translucent door.
 27370 | Shoals:3 | Identified the +2 leather armour of Disappointment {rElec
                  | rF++}
 28029 | Shoals:3 | Noticed Buakyke's ghost (adept OpMo)
 28273 | Orc:2    | Bought the +2 shield of Resistance {rF++ rC++ Will++} for
                  | 1269 gold pieces
 28273 | Orc:2    | Found the +2 shield of Resistance {rF++ rC++ Will++}
 28446 | Lair:2   | Reached skill level 15 in Fighting
 28510 | Shoals:4 | Entered Level 4 of the Shoals
 28916 | Shoals:4 | Noticed Ilsuiw
 28989 | Shoals:4 | Reached XP level 17. HP: 96/113 MP: 27/30
 29126 | Shoals:4 | Got a barnacled rune of Zot
 29768 | Shoals:4 | Found Cufapue's Mayhem Merchandise.
 29868 | Shoals:4 | Killed Ilsuiw
 30028 | Shoals:4 | Got the Incunabulum of Translocated Malevolent Deeds
 30789 | Spider:1 | Found a runed translucent gate.
 30792 | Spider:1 | Found a runed translucent gate.
 30793 | Spider:1 | Found a runed translucent gate.
 30793 | Spider:1 | Noticed baller8008's ghost (journeyman DECj)
 31648 | Spider:2 | Reached XP level 18. HP: 120/120 MP: 29/31
 31997 | Spider:2 | Reached skill level 16 in Fighting
 32527 | Spider:2 | Gained mutation: You expend magic power (3 MP) to
                  | strengthen your wands. [potion of mutation]
 32527 | Spider:2 | Gained mutation: Armour fits poorly on your strangely
                  | shaped body. [potion of mutation]
 32562 | Spider:2 | Reached skill level 15 in Ranged Weapons
 32918 | Spider:1 | Reached skill level 10 in Armour
 33171 | Spider:4 | Entered Level 4 of the Spider Nest
 33450 | Spider:3 | Reached skill level 10 in Spellcasting
 33793 | Spider:2 | Reached skill level 10 in Dodging
 34966 | Spider:4 | Identified the +9 falchion of the Hurting Ass {elec, rF+
                  | Will+ Int-5}
 36749 | Spider:4 | Reached XP level 19. HP: 127/127 MP: 1/33
 37511 | Spider:4 | Got a gossamer rune of Zot
 37726 | D:8      | Killed Gastronok
 38010 | D:14     | Killed Jorgrun
 38193 | D:14     | Killed Frances
 38745 | D:15     | Reached skill level 15 in Stealth
 38801 | D:15     | Identified the +0 ring mail of Qaxiss {+Inv rF+ rN+ SInv}
 38871 | D:15     | Reached skill level 17 in Fighting
 38901 | D:15     | Found a staircase to the Depths.
 39137 | Vaults:1 | Entered Level 1 of the Vaults
 39404 | Vaults:1 | Noticed Donald
 39409 | Vaults:1 | Killed Donald
 39677 | Vaults:1 | Noticed Asterion
 40360 | Vaults:1 | Found Gohufaupp's Book Emporium.
 40366 | Vaults:1 | Bought a book of Touch for 374 gold pieces
 40370 | Vaults:1 | Learned a level 3 spell: Confusing Touch
 40397 | Vaults:1 | Identified the +3 dagger of Eternal Vigilance {protect,
                  | rCorr}
 40905 | Vaults:1 | Reached XP level 20. HP: 107/134 MP: 21/34
 41744 | Vaults:2 | Noticed a bone dragon
 41747 | Vaults:2 | Found a staircase to the Crypt.
 41781 | Vaults:2 | Killed a bone dragon
 42800 | Vaults:3 | Reached skill level 15 in Shields
 43522 | Vaults:3 | Reached skill level 18 in Fighting
 43910 | Vaults:4 | Identified the +2 tower shield of the Pink Corner {rCorr}
 43910 | Vaults:4 | Noticed Mennas
 44297 | Vaults:4 | Acquired a +2 hand crossbow of electrocution
 44557 | Vaults:4 | Reached XP level 21. HP: 69/141 MP: 13/36
 45812 | Orc:1    | Bought a scroll of teleportation for 48 gold pieces
 45812 | Orc:1    | Bought a scroll of teleportation for 48 gold pieces
 45870 | Orc:1    | Killed sjgraves's ghost
 46196 | Vaults:4 | Upgraded the game from 0.30-a0-881-g1ff12e1e11 to
                  | 0.30-a0-883-g5ad918d77d
 46201 | Vaults:5 | Entered Level 5 of the Vaults
 46288 | Vaults:5 | Noticed a golden dragon
 46361 | Vaults:5 | Noticed an ancient lich
 46371 | Vaults:5 | Killed a golden dragon
 46382 | Vaults:5 | Killed an ancient lich
 46876 | Vaults:5 | Identified the +9 scimitar "Axkeorph" {holy, rN+}
 46888 | Vaults:5 | Identified the +1 battleaxe "Ukou" {elec, +Blink rPois}
 46997 | Vaults:5 | Got the Encyclopedia of Grit
 47003 | Vaults:5 | Got a silver rune of Zot
 47012 | Vaults:5 | Identified the +3 mace of the Blowfly {freeze, Dex+3}
 47160 | Vaults:5 | Identified the ring of Secrets {EV+5 Str+5}
 47477 | Vaults:5 | Identified the ring of Suylou {rN+ Str+6}
 47482 | Vaults:5 | Noticed an ancient lich
 47957 | D:13     | Killed Erolcha
 48015 | D:13     | Bought a scroll of blinking for 120 gold pieces
 48015 | D:13     | Bought a scroll of blinking for 120 gold pieces
 48015 | D:13     | Bought a scroll of enchant weapon for 120 gold pieces
 48015 | D:13     | Bought a scroll of enchant weapon for 120 gold pieces
 48173 | Depths:1 | Entered Level 1 of the Depths
 48629 | Depths:1 | Found a one-way gate leading to the halls of Pandemonium.
 48868 | Depths:1 | Found an opulent altar of Gozag.
 48909 | Depths:1 | Reached skill level 19 in Fighting
 48942 | Depths:1 | Reached XP level 22. HP: 132/149 MP: 37/37
 48994 | Depths:1 | Noticed Nikola
 49016 | Depths:2 | Killed Nikola
 49020 | Depths:1 | Found Big Baal Hell's Store.
 49539 | Vaults:4 | Found Fifuher's Armour Boutique.
 50113 | Vaults:5 | Identified the +4 scimitar of the Red Skies {flame, rC-
                  | Str+3 Int+3 Stlth+}
 51445 | Vaults:5 | Noticed a golden dragon
 51469 | Vaults:5 | Killed a golden dragon
 51691 | Vaults:5 | Noticed an ancient lich
 51710 | Vaults:5 | HP: 2/150 [ancient lich/crystal spear (46)]
 51725 | Vaults:5 | Killed an ancient lich
 51726 | Vaults:5 | Reached skill level 15 in Hexes
 52422 | Vaults:5 | Identified the amulet "Anewiunt" {Reflect rF+ MP+9 SH+5}
 53033 | Vaults:5 | Killed an ancient lich
 53994 | Depths:1 | Noticed Louise
 54002 | Depths:1 | Killed Louise
 54098 | Depths:1 | Found a gateway to Hell.
 54365 | Depths:1 | Reached XP level 23. HP: 152/156 MP: 30/39
 55735 | Depths:2 | Identified the +8 plate armour of Bakoum {Fly rF+}
 55810 | Depths:2 | Reached skill level 20 in Fighting
 56263 | Depths:2 | Identified the +1 pair of boots of Ysun {rN+}
 56607 | Depths:3 | Learned a level 3 spell: Swiftness
 56893 | Depths:3 | Reached skill level 1 in Evocations
 57272 | Depths:3 | Found the +9 staff of Olgreb {rPois∞}
 57733 | Depths:4 | Entered Level 4 of the Depths
 57780 | Depths:4 | Found Noibam's Book Shoppe.
 57781 | Depths:4 | Found Gireveawn's Jewellery Boutique.
 57783 | Depths:4 | Found Zeibb's Book Shoppe.
 57789 | Depths:4 | Bought a manual of Translocations for 1360 gold pieces
 57970 | Depths:4 | Found a radiant altar of Vehumet.
 58704 | Depths:4 | Reached skill level 5 in Translocations
 58710 | Depths:4 | Reached XP level 24. HP: 164/164 MP: 39/39
 58901 | Depths:4 | Found a gate to the Realm of Zot.
 58907 | Zot:1    | Entered Level 1 of the Realm of Zot
 59181 | Elf:1    | Entered Level 1 of the Elven Halls
 59190 | Elf:1    | Found a shimmering blue altar of Sif Muna.
 59400 | Elf:1    | Lost mutation: You expend magic power (3 MP) to strengthen
                  | your wands. [potion of mutation]
 59400 | Elf:1    | Lost mutation: Armour fits poorly on your strangely shaped
                  | body. [potion of mutation]
 59400 | Elf:1    | Gained mutation: You are strong-willed. (Will+) [potion of
                  | mutation]
 59400 | Elf:1    | Gained mutation: You have a pair of small antennae on your
                  | head. [potion of mutation]
 59849 | Elf:2    | Found Vaomus Bewnu's Weapon Shoppe.
 60045 | Elf:2    | Found a runed translucent gate.
 60046 | Elf:2    | Found a runed translucent gate.
 60046 | Elf:2    | Found a runed translucent gate.
 60823 | Elf:3    | Entered Level 3 of the Elven Halls
 60967 | Elf:3    | Found Ecahyotu's Distillery.
 60980 | Elf:3    | Bought a potion of cancellation for 104 gold pieces
 61010 | Elf:3    | Found Zevvytum's Jewellery Boutique.
 61062 | Elf:3    | Identified the +1 robe of Zeaneirph {*Slow +Inv rC++
                  | Stlth-}
 61475 | Elf:3    | Identified the +9 mace of the Tortured God {antimagic,
                  | rPois}
 61548 | Elf:3    | Found Tisel's Assorted Antiques.
 62169 | Elf:3    | Learned a level 5 spell: Silence
 62174 | Elf:3    | Learned a level 4 spell: Anguish
 62382 | Elf:3    | Found Utaps's Weapon Shoppe.
 62532 | Elf:3    | Identified the +10 demon whip of Suicidal Tendencies {vamp,
                  | rC+ Str+5}
 63283 | Zot:1    | Reached skill level 1 in Short Blades
 63517 | Zot:1    | Reached XP level 25. HP: 170/170 MP: 38/40
 64061 | Zot:1    | Reached skill level 21 in Fighting
 64584 | Zot:2    | Noticed Parghit
 64595 | Zot:2    | Reached skill level 5 in Short Blades
 65221 | Zot:2    | Identified the +10 quarterstaff of Disorder {elec, rC+
                  | Stlth+}
 65394 | Zot:2    | Identified the +4 great sword of the Open Hand {drain, rF+}
 65648 | Zot:2    | Learned a level 4 spell: Fulminant Prism
 65852 | Zot:3    | Noticed a Killer Klown
 66021 | Zot:3    | You are sucked into a shaft and drop 1 floor!
 66617 | Zot:3    | Killed a Killer Klown
 67957 | Zot:4    | Reached XP level 26. HP: 88/177 MP: 6/40
 68692 | Zot:5    | Entered Level 5 of the Realm of Zot
 68736 | Zot:5    | Noticed an orb of fire
 68971 | Zot:5    | Gained mutation: You occasionally lose the ability to read
                  | scrolls when taking damage. [an orb of fire]
 68984 | Zot:5    | Killed an orb of fire
 69775 | Zot:5    | Reached skill level 10 in Short Blades
 69853 | Zot:5    | Noticed an ancient lich
 69877 | Zot:5    | Killed an ancient lich
 70049 | Zot:5    | Noticed an orb of fire
 70057 | Zot:5    | Gained mutation: You sometimes lose the ability to read
                  | scrolls when taking damage. [an orb of fire]
 70074 | Zot:5    | Gained mutation: You are dopey. (Int -2) [an orb of fire]
 70444 | Zot:5    | Lost mutation: You have a pair of small antennae on your
                  | head. [potion of mutation]
 70444 | Zot:5    | Lost mutation: You are dopey. (Int -2) [potion of mutation]
 70921 | Vaults:1 | Lost mutation: You are strong-willed. (Will+) [potion of
                  | mutation]
 70921 | Vaults:1 | Lost mutation: You sometimes lose the ability to read
                  | scrolls when taking damage. [potion of mutation]
 70921 | Vaults:1 | Lost mutation: You occasionally lose the ability to read
                  | scrolls when taking damage. [potion of mutation]
 70921 | Vaults:1 | Gained mutation: You are clumsy. (Dex -2) [potion of
                  | mutation]
 71780 | Zot:5    | Noticed a dread lich
 71800 | Zot:5    | Killed a dread lich
 71933 | Zot:5    | Noticed a Killer Klown
 71943 | Zot:5    | Killed a Killer Klown
 72100 | Zot:5    | Killed an orb of fire
 72325 | Zot:5    | Noticed a Killer Klown
 72334 | Zot:5    | Killed a Killer Klown
 72593 | Zot:5    | Noticed an orb of fire
 72593 | Zot:5    | Noticed an orb of fire
 73722 | Zot:5    | Noticed a Killer Klown
 73736 | Zot:5    | Killed a Killer Klown
 73774 | Zot:5    | Noticed a dread lich
 73794 | Zot:5    | Killed a dread lich
 74057 | Zot:5    | Got the Orb of Zot
 74327 | Depths:1 | Noticed Giack the pandemonium lord
 74329 | Depths:1 | Noticed Yhouson the pandemonium lord
 74637 | D:$      | Escaped with the Orb!

Illustrated notes

Levels and vault maps discovered:
D:1:      mrwooster_arrival_statue_2, layout_basic
D:2:      layout_rooms, nicolae_ecumenical_pavilion, basic_altar,
          minmay_pentomino_o4
D:3:      layout_basic, uniq_grinder
D:4:      layout_basic, palyth_temple_overflow_mages,
          nicolae_ossuary_entry_plus, kennysheep_cross_room
D:5:      layout_loops_ring
D:6:      layout_gridville, minmay_temple_entry_antechambers,
          nrook_loot_triangle, uniq_blork_the_orc, uniq_pikel
D:7:      layout_basic, chequers_temple_overflow_minitemple,
          cheibriados_altar_1, grunt_decor_fettered,
          chequers_serial_rivers_micro_a, dreamdust_princess_corridor,
          uniq_crazy_yiuf_cottage
D:8:      layout_basic, nicolae_ashenzari_skybound, dpeg_lair_monsters,
          kennysheep_windowed_goal, uniq_joseph, uniq_gastronok, uniq_erica
D:9:      layout_basic, serial_shops, shop, chequers_avenue,
          hangedman_corner_corridor
D:10:     layout_roguey, lemuel_tele_altar, minmay_orc_entry_temple_small
D:11:     layout_long_grid
D:12:     layout_gridville, nicolae_trove_entry_isolated,
          nicolae_ru_sacrificial_ziggurat
D:13:     layout_cross, grunt_vaults_entry_tiered, serial_shops,
          nicolae_lakefront_shop, shop_coins, shop, feat_on_display,
          uniq_erolcha
D:14:     layout_stronghold, chequers_serial_rivers_micro_e, uniq_frances,
          uniq_jorgrun
D:15:     hangedman_depths_entry_civil_slaughter, layout_rooms,
          minmay_crystal_water, minmay_misc_feat_iff
Lair:1:   layout_cave_pods, beast_lair_carwin_10, serial_bayou_shore_b,
          infiniplex_staircase_pool_2, uniq_urug, uniq_maggie, uniq_nergalle
Lair:2:   minmay_lair_venomous_thicket, layout_hall_layers,
          elwin_shoals_entry_rooms, dummy_spider_entry,
          nicolae_volcano_entry_vermiform, grunt_megastairs_5
Lair:3:   layout_long_grid, patterned_corridor, serial_bayou_shore_a,
          lemuel_fruit_fields
Lair:4:   nzn_winding_woodlands_three_and_one
          [nzn_winding_woodlands_5x15_crooked,
          nzn_winding_woodlands_5x15_lazy_stream,
          nzn_winding_woodlands_5x15_longhouse,
          nzn_winding_woodlands_center_lodge], layout_loops_ring
Lair:5:   evilmike_catoblepas_cave, layout_regular_city, slime_entry_1,
          chequers_serial_rivers_micro_b, grunt_megastairs_3
Shoals:1: layout_shoals, uniq_kirke, uniq_roxanne
Shoals:2: layout_shoals
Shoals:3: layout_shoals, ebering_ghost_reflecting_pool
Shoals:4: shoals_end_grunt_ice, layout_shoals, shoals_ilsuiw_ice,
          minmay_shop_mayhem
Spider:1: nicolae_spider_hilbert_zone_4 [nicolae_spider_hilbert_4_sides_2_open,
          nicolae_spider_hilbert_4_sides_1_open,
          nicolae_spider_hilbert_4_sides_1_open,
          nicolae_spider_hilbert_4_sides_1_open,
          nicolae_spider_hilbert_4_sides_1_open,
          nicolae_spider_hilbert_2_sides_1_open,
          nicolae_spider_hilbert_2_sides_1_open,
          nicolae_spider_hilbert_2_sides_1_open,
          nicolae_spider_hilbert_2_sides_1_open,
          nicolae_spider_hilbert_6_sides_1_open,
          nicolae_spider_hilbert_6_sides_1_open,
          nicolae_spider_hilbert_3_sides_1_open,
          nicolae_spider_hilbert_3_sides_1_open], gammafunk_ghost_split
Spider:2: layout_spider_delve
Spider:3: layout_spider_delve, nicolae_spider_solar_radiation
Spider:4: spider_rune_water, special_room [special_room_bee]
Orc:1:    layout_caves, gammafunk_ghost_abyssal_escape, serial_shops, shop,
          minmay_orc_temple_c, uniq_fannar
Orc:2:    st_orc_rangers, layout_caves, basic_altar, serial_shops,
          nicolae_shop_waterfront, shop, nicolae_lakefront_shop, shop,
          nicolae_shop_waterfront
Elf:1:    layout_rooms, basic_altar, minmay_elf_crystal_hexagon
Elf:2:    nicolae_elf_blades_crystal_corner, layout_onion_city, serial_shops,
          shop, statue_in_the_mist_lemuel, nicolae_elf_big_sculpture_2
Elf:3:    grunt_elf_hall_spiral, layout_gridlike, serial_shops,
          nicolae_shop_stone, nicolae_shop_competitors_out_of_business,
          nicolae_lakefront_shop, nicolae_shop_overgrown_old_shop,
          serial_aquarium, aquarium_bridge_island_large
          [aquarium_subvault_large_water, aquarium_subvault_bridge,
          aquarium_subvault_wall, aquarium_subvault_bridge,
          aquarium_subvault_wall], aquarium_window_fake,
          aquarium_window_corridor_3, aquarium_window_double,
          aquarium_window_fake, aquarium_view_2g, aquarium_view_2a, hex_tiny
Vaults:1: mu_enter_wizlab_4, nicolae_vaults_network_star, v_misc_26,
          grunt_vaults_twisty, v_rooms_4, ontoclasm_vaults_ligature,
          vaults_room_fancy_cross, layout_vaults_omnigrid, serial_shops, shop,
          uniq_asterion, uniq_donald
Vaults:2: v_rooms_3, grunt_vaults_bifocal, vaults_dpeg_spiral, v_alt_pattern_3,
          minmay_crypt_entry_nasty_monster, hangedman_vaults_locks,
          nicolae_vaults_mini_display_case, v_misc_8,
          nicolae_vaults_shelves_hall, vaults_mumra_chevron, vaults_mumra_lcd,
          st_lattice, layout_vaults_big_cross
Vaults:3: vaults_dpeg_hooks, nicolae_vaults_circle_grid_b, vaults_room_boxed,
          v_misc_24, hangedman_vaults_unwind, nicolae_vaults_alarming,
          ontoclasm_vaults_shuriken, v_misc_22, v_pattern_2,
          nicolae_vaults_windows_and_doors_thing, nicolae_vaults_network_square,
          grunt_vaults_diagonal, layout_vaults_maze_bifur
Vaults:4: v_misc_14, vaults_standard_mumra_enter_the_diamond,
          hangedman_vaults_snaps, grunt_vaults_focal, ontoclasm_vaults_gateway,
          nicolae_vaults_border_crossing, hangedman_vaults_stretched_pinwheel,
          nicolae_vaults_network_quinsquares
          [nicolae_vaults_network_quincunx_subvault,
          nicolae_vaults_network_quincunx_subvault,
          nicolae_vaults_network_quincunx_subvault,
          nicolae_vaults_network_quincunx_subvault],
          nicolae_vaults_angled_halls, st_spiral_rooms, v_pattern_4,
          nicolae_vaults_little_squares_3, vaults_room_corners,
          vaults_dpeg_ring, layout_vaults_ring, serial_shops, shop, uniq_mennas
Vaults:5
Depths:1: layout_roguey, nicolae_hell_entry_big_baal_hell,
          nicolae_abyss_entry_one_way_or_another, grunt_pan_entry_spiral,
          kennysheep_crisscross, nicolae_gozag_cash_rules_everything_around_me,
          infiniplex_staircase_pool_lava, uniq_nikola
Depths:2: minmay_bubble_buster, layout_cave_pools, abyss_entry, hell_entry,
          rand_demon_pan_entry_7, serial_bayou_shore_b, infiniplex_staircase_x
Depths:3: kennysheep_demon_jail, layout_gridville, minmay_room_of_horrors,
          pf_coc_iceberg, minmay_misc_feat_diagonals,
          infiniplex_staircase_spiral_double
Depths:4: evilmike_zot_entry_hall, layout_honeycomb, enter_ziggurat_d,
          abyss_entry_small_statue_room, grunt_hell_horde,
          nicolae_vehumet_radiance, minmay_shop_grove, uniq_margery
Zot:1:    minmay_elemental_castle, layout_misc_corridors
Zot:2:    layout_gridlike, uniq_parghit
Zot:3:    layout_misc_corridors
Zot:4:    layout_concentric_octagons
Zot:5:    layout_cellular_growth, grunt_ministairs_2, nicolae_lava_and_water,
          hangedman_zot_diagonal_lockstep

Skill      XL: |  1  2  3  4  5  6  7  8  9 10 11 12 13 14 15 16 17 18 19 20 21 22 23 24 25 26 |
---------------+-------------------------------------------------------------------------------+-----
Fighting       | 2 3 4 5 7 8 10 11 12 13 14 15 16 17 18 19 20 21 | 21.8
Fire Magic     | 1 2 3 |  3.0
Ranged Weapons | 3 4 5 7 8 9 10 11 12 13 14 15 16 17 18 19 20 | 20.2
Hexes          | 3 4 5 6 7 8 9 10 11 12 13 14 15 16 17 | 17.0
Shields        | 1 2 3 5 6 8 9 10 12 13 14 15 16 17 18 | 18.4
Spellcasting   | 2 3 4 5 6 7 8 9 10 11 12 13 14 | 14.4
Stealth        | 1 2 3 4 6 8 10 11 12 13 14 15 16 17 18 19 | 19.4
Armour         | 3 4 6 7 8 9 10 11 12 13 14 | 14.7
Translocations | 1 2 5 9 |  9.2
Dodging        | 4 7 9 10 11 12 13 14 | 14.6
Transmutations | 1 2 |  2.4
Evocations     | 1 |  1.6
Short Blades   | 1 8 12 | 12.0

Action                     |  1- 3 |  4- 6 |  7- 9 | 10-12 | 13-15 | 16-18 | 19-21 | 22-24 | 25-27 || total
---------------------------+-------+-------+-------+-------+-------+-------+-------+-------+-------++-------
  Melee: Dagger            |    36 |    35 |    63 |    88 |    59 |   427 |   154 |    62 |       ||   924
         Punch             |       |     2 |       |     2 |     3 |       |       |       |       ||     7
         Scimitar          |       |       |       |       |     7 |       |       |       |       ||     7
         Quick blade       |       |       |       |       |       |       |       |    44 |    60 ||   104
   Fire: Sling             |    83 |   140 |   244 |   420 |  1039 |  1308 |   689 |       |       ||  3923
         Hand crossbow     |       |       |       |       |       |       |   372 |  1520 |  1012 ||  2904
   Cast: Slow              |     1 |       |     2 |     7 |     2 |       |       |       |       ||    12
         Inner Flame       |       |       |    10 |    87 |   115 |   148 |   156 |    82 |    31 ||   629
         Ensorcelled Hiber |       |       |     2 |       |     4 |    21 |     1 |       |       ||    28
         Blink             |       |       |       |     9 |    24 |    43 |    35 |    30 |    22 ||   163
         Portal Projectile |       |       |       |     4 |     8 |    13 |    10 |    34 |    71 ||   140
         Cause Fear        |       |       |       |    13 |    25 |    13 |     5 |     4 |       ||    60
         Wereblood         |       |       |       |       |    15 |    11 |     6 |     1 |       ||    33
         Yara's Violent Un |       |       |       |       |       |    11 |    20 |    39 |    17 ||    87
         Enfeeble          |       |       |       |       |       |       |     5 |    39 |    41 ||    85
         Confusing Touch   |       |       |       |       |       |       |     5 |     2 |       ||     7
         Swiftness         |       |       |       |       |       |       |       |     1 |     7 ||     8
         Fulminant Prism   |       |       |       |       |       |       |       |       |    15 ||    15
 Invoke: Shadow Step       |       |       |       |       |       |       |     1 |       |       ||     1
  Evoke: Wand              |       |       |       |     4 |     9 |    11 |     2 |     3 |     5 ||    34
         Condenser vane    |       |       |       |       |     1 |       |     1 |       |       ||     2
         Lightning rod     |       |       |       |       |       |       |     9 |     5 |     4 ||    18
         Phial of floods   |       |       |       |       |       |       |     1 |     2 |       ||     3
         Phantom mirror    |       |       |       |       |       |       |       |     3 |     3 ||     6
    Use: Scroll            |       |     3 |     6 |    22 |     9 |     9 |    19 |    11 |     9 ||    88
         Potion            |       |     2 |     1 |     2 |     1 |     2 |    13 |     6 |    11 ||    38
   Stab: Sleeping          |       |       |     1 |     1 |     6 |    28 |    52 |    15 |    11 ||   114
         Invisible         |       |       |       |       |       |     2 |     7 |    11 |    18 ||    38
         Distracted        |       |       |       |       |       |     1 |     1 |     3 |       ||     5
         Confused          |       |       |       |       |       |       |     5 |       |       ||     5
 Armour: Robe              |    16 |       |       |       |       |       |       |       |       ||    16
         Leather armour    |     8 |    69 |    57 |    41 |   274 |   311 |   234 |   333 |   260 ||  1587
         Ring mail         |       |       |       |    74 |       |       |       |       |       ||    74
  Dodge: Dodged            |    37 |    81 |    74 |   128 |   309 |   584 |   422 |   494 |   388 ||  2517
  Block: Other             |       |       |       |       |    29 |     1 |       |       |       ||    30
         Reflection        |       |       |       |       |    10 |    41 |    69 |    57 |    17 ||   194
         Buckler           |       |       |       |       |       |    76 |       |       |       ||    76
         Kite shield       |       |       |       |       |       |  1057 |   767 |   926 |   673 ||  3423

Table legend: (Time is in decaauts)
 A = Elapsed time spent in this place.
 B = Non-inter-level travel time spent in this place.
 C = Inter-level travel time spent in this place.
 D = Time resting spent in this place.
 E = Time spent auto-exploring this place.
 F = Levels seen in this place.
 G = Mean time per level.
                   A        B        C        D        E       F      G
               +--------+--------+--------+--------+--------+-----+--------+
         Total |  74454 |  65325 |   9129 |  16957 |  25666 |  48 | 1551.1 |
       Dungeon |  18838 |  15588 |   3250 |   3342 |   7907 |  15 | 1255.9 |
          Lair |   7866 |   6798 |   1068 |   1898 |   2859 |   5 | 1573.2 |
        Shoals |   4406 |   4156 |    250 |    731 |   2251 |   4 | 1101.5 |
   Spider Nest |   7273 |   6840 |    433 |   2241 |   1572 |   4 | 1818.2 |
  Orcish Mines |   2563 |   2168 |    395 |    354 |    922 |   2 | 1281.5 |
   Elven Halls |   3749 |   3367 |    382 |    519 |   1865 |   3 | 1249.7 |
        Vaults |  12836 |  11154 |   1682 |   3047 |   3871 |   5 | 2567.2 |
        Depths |   6312 |   5490 |    822 |   1153 |   2056 |   4 | 1578.0 |
           Zot |  10143 |   9298 |    845 |   3560 |   2269 |   5 | 2028.6 |
       Ossuary |    463 |    463 |      0 |    109 |     94 |   1 |  463.0 |
               +--------+--------+--------+--------+--------+-----+--------+

Top non-repeatable levels by time:
Vaults:5: 4118 daAuts
   Zot:5: 2986 daAuts
   Zot:4: 2765 daAuts
Vaults:4: 2723 daAuts
Depths:1: 2485 daAuts
Vaults:1: 2445 daAuts
     D:9: 2414 daAuts
Spider:4: 2188 daAuts
Spider:2: 2057 daAuts
Vaults:3: 1899 daAuts
  Lair:1: 1824 daAuts
   Zot:1: 1726 daAuts
   Orc:1: 1723 daAuts
  Lair:4: 1720 daAuts
   Zot:2: 1700 daAuts
